 Dungeon Crawl Stone Soup version 0.28.0-49-g6dfe1f597d (webtiles) character file.

Game seed: 13736980524372171504

7 Goodini51 the Chopper (level 2, 0/19 HPs)
             Began as a Human Wanderer on May 20, 2022.
             Slain by a gnoll
             ... wielding a +0 club
              (2 damage)
             ... on level 1 of the Dungeon.
             The game lasted 00:02:22 (251 turns).

Goodini51 the Chopper (Human Wanderer)               Turns: 251, Time: 00:02:22

Health: 0/19       AC:  8    Str: 11    XL:     2   Next: 5%
Magic:  3/3        EV:  4    Int: 15    God:
Gold:   11         SH:  0    Dex: 10    Spells: 2/3 levels left

rFire   . . .      SeeInvis .   a - +0 hand axe
rCold   . . .      Faith    .   (no shield)
rNeg    . . .      Spirit   .   i - +0 chain mail
rPois   .          Reflect  .   (no helmet)
rElec   .          Harm     .   (no cloak)
rCorr   .          Rampage  .   (no gloves)
Will    .....                   (no boots)
Stlth   ..........              (no amulet)
HPRegen 0.06/turn               (no ring)
MPRegen 0.08/turn               (no ring)

@: no status effects
A: no striking features
a: no special abilities


You were on level 1 of the Dungeon.
You visited 1 branch of the dungeon, and saw 1 of its levels.

You collected 11 gold pieces.

Inventory:

Hand Weapons
 a - a +0 hand axe (weapon)
 c - a +0 dagger
 j - a +0 hand crossbow
Missiles
 b - 12 poisoned darts (quivered)
 e - 6 boomerangs
Armour
 d - a +0 robe
 i - a +0 chain mail (worn)
Jewellery
 g - a ring of ice
Scrolls
 f - 3 scrolls of blinking {unknown}
 h - a scroll of amnesia {unknown}
 k - a scroll of teleportation {unknown}
 l - a scroll of identify {unknown}


   Skills:
 + Level 3.5 Axes
 + Level 2.0 Throwing
 + Level 1.0 Dodging
 + Level 1.0 Stealth
 + Level 1.0 Spellcasting
 + Level 2.0 Conjurations


You had 2 spell levels left.
You knew the following spells:

 Your Spells              Type           Power      Damage    Failure   Level
a - Shock                 Conj/Air       12%        1d3       100%        1

Your spell library contained the following spells:

 Spells                   Type           Power      Damage    Failure   Level
 Dazzling Flash           Conj/Hex       6%         N/A       100%        3
 Sticky Flame             Conj/Fire      3%         2d3       100%        4


Dungeon Overview and Level Annotations

Branches:
Dungeon (1/15)

Altars:


Message History

You hit the gnoll but do no damage. The gnoll barely misses you.
You hit the gnoll but do no damage. The gnoll hits you with a +0 club.
You hit the gnoll.
The gnoll is moderately wounded.
The gnoll hits you with a +0 club.
You hit the gnoll.
The gnoll is severely wounded.
The gnoll hits you with a +0 club.
You hit the gnoll but do no damage.
The gnoll is severely wounded.
The gnoll closely misses you. The gnoll hits you but does no damage.
You barely miss the gnoll.
The gnoll is severely wounded.
The gnoll hits you with a +0 club.
You are too injured to fight recklessly!
You are too injured to fight recklessly!
You are too injured to fight recklessly!
You are too injured to fight recklessly!
You are too injured to fight recklessly!
You closely miss the gnoll.
The gnoll is heavily wounded.
The gnoll hits you but does no damage.
You hit the gnoll but do no damage.
The gnoll is heavily wounded.
The gnoll hits you but does no damage.
You closely miss the gnoll.
The gnoll is heavily wounded.
The gnoll hits you with a +0 club.
* * * LOW HITPOINT WARNING * * *
You hit the gnoll but do no damage.
The gnoll is heavily wounded.
The gnoll hits you with a +0 club.
* * * LOW HITPOINT WARNING * * *
You hit the gnoll.
The gnoll is severely wounded.
The gnoll closely misses you.
You barely miss the gnoll.
The gnoll is severely wounded.
The gnoll hits you with a +0 club.
You die...

###..... .........
......... .######.#
#.# #.# #.#
########## ##>#
#.@g...... #...
#.######## .#. #.#
... #.# # #.# #.#
####.#.# #.# #.#
#... #.# #.# #.#
##.## #.# ##..
#.####...###.###...
#............#.....


You could see a gnoll.

Vanquished Creatures
  2 ball pythons (D:1)
  2 endoplasms (D:1)
  A bat (D:1)
  A rat (D:1)
6 creatures vanquished.

Notes
Turn   | Place    | Note
-------+----------+-------------------------------------------
     0 | D:1      | Goodini51 the Human Wanderer began the quest for the Orb.
     0 | D:1      | Goodini51 set off with the following items: a +0 hand axe,
                  | 12 poisoned darts, a +0 dagger, a +0 robe; and the
                  | following spell memorised: Shock; and the following spells
                  | available to memorise: Dazzling Flash, Sticky Flame
     0 | D:1      | Reached XP level 1. HP: 13/13 MP: 2/2
   216 | D:1      | Reached XP level 2. HP: 18/19 MP: 3/3
   251 | D:1      | Slain by a gnoll

Illustrated notes

Levels and vault maps discovered:
D:1:      onia_arrival_mini_spirals, layout_loops_ring,
          chequers_serial_rivers_micro_b, chequers_serial_rivers_room_b

Action                   || total
-------------------------++-------
Melee: Hand axe          ||    30
Armor: Chain mail        ||    18
Dodge: Dodged            ||     7
